 Dungeon Crawl Stone Soup version 0.23-a0-370-gf497b7c (webtiles) character file.

1190 Amnesiac the Geomancer (level 8, -33/31 HPs)
             Began as a Felid Earth Elementalist on Oct 24, 2018.
             Was a Believer of Ashenzari.
             Killed by blast of rock fragments (34 damage)
             ... on level 8 of the Dungeon.
             The game lasted 00:20:15 (9168 turns).

Amnesiac the Geomancer (Felid Earth Elementalist)   Turns: 9168, Time: 00:20:16

Health: -33/31     AC:  2    Str:  4    XL:     8   Next: 19%
Magic:  2/18       EV: 23    Int: 20    God:    Ashenzari [**....]
Gold:   286        SH:  0    Dex: 16    Spells: 1/19 levels left
                                        Lives:  0   Deaths: 2

rFire    . . .     SeeInvis +     - Unarmed
rCold    . . .     Gourm    .   (shield unavailable)
rNeg     . . .     Faith    .   (armour unavailable)
rPois    .         Spirit   .   (helmet unavailable)
rElec    .         Reflect  .   (cloak unavailable)
rCorr    .         Harm     .   (gloves unavailable)
MR       ++...                  (boots unavailable)
Stlth    ++........             (no amulet)
HPRegen  0.10/turn              r - ring of protection from magic (curse)
MPRegen  0.16/turn              f - ring of attention (curse)

@: quick
A: very small, no armour, no weapons or thrown items, stealth, claws 1, fangs 3,
see invisible, carnivore, speed 1, shaggy fur 2, slow metabolism 1, sharp paws
a: Curse Item, Scrying, Renounce Religion


You were on level 8 of the Dungeon.
You worshipped Ashenzari.
Ashenzari was pleased with you.
You were not hungry.

You visited 2 branches of the dungeon, and saw 9 of its levels.

You collected 286 gold pieces.

Inventory:

Missiles
 b - 114 stones
Jewellery
 f - a cursed ring of attention (right paw)
 g - an uncursed ring of positive energy
 q - a +3 ring of evasion
 r - a cursed ring of protection from magic (left paw)
 z - a +3 ring of dexterity
Wands
 h - a wand of digging (21)
 i - a wand of clouds (7)
 m - a wand of acid (14)
 n - a wand of paralysis (14)
 o - a wand of polymorph (11)
Scrolls
 e - 2 scrolls of noise {!r}
 l - 7 scrolls of teleportation {!r}
 p - a scroll of identify {!r}
 s - 3 scrolls of amnesia {!r}
 u - 4 scrolls of remove curse {!r}
 v - a scroll of blinking {!r}
 x - 2 scrolls of immolation {!r}
Potions
 a - a potion of lignification {!q}
 j - 2 potions of curing {!q}
 k - 3 potions of might {!q}
 t - a potion of cancellation {!q}
 w - a potion of agility {!q}
Comestibles
 c - 15 rations
 d - 3 chunks of flesh


   Skills:
 - Level 8.0 Dodging
 - Level 4.2 Stealth
 - Level 4.2 Unarmed Combat
 + Level 6.3 Spellcasting
 - Level 0.4(1.0) Conjurations
 - Level 2.0(3.1) Transmutations
 * Level 9.2(10.5) Earth Magic
 + Level 2.9(4.2) Evocations


You had one spell level left.
You knew the following spells:

 Your Spells              Type           Power        Failure   Level  Hunger
a - Sandblast             Erth           #####.       1%          1    None
b - Passwall              Tmut/Erth      ####....     1%          2    None
c - Stone Arrow           Conj/Erth      ####..       2%          3    ##.....
d - Lee's Rapid Deconstr  Erth           #####.....   3%          5    #####..
e - Petrify               Tmut/Erth      ####....     6%          4    ####...
s - Conjure Flame         Conj/Fire      #.......     24%         3    ##.....

Your spell library contained the following spells:

 Spells                   Type           Power        Failure   Level  Hunger
 Magic Dart               Conj           ##..         7%          1    None
 Flame Tongue             Conj/Fire      #....        8%          1    None
 Sting                    Conj/Pois      #...         8%          1    None
 Throw Flame              Conj/Fire      #.....       12%         2    None
 Blink                    Tloc           N/A          14%         2    None
 Call Imp                 Summ           #.......     14%         2    None
 Slow                     Hex            #.......     14%         2    None
 Mephitic Cloud           Conj/Pois/Air  #.......     26%         3    ##.....
 Inner Flame              Hex/Fire       #.......     28%         3    ##.....
 Sticky Flame             Conj/Fire      #.......     61%         4    ####...
 Fireball                 Conj/Fire      #.........   91%         5    #####..


Dungeon Overview and Level Annotations

Branches:
Dungeon (8/15)             Temple (1/1) D:7            Lair (0/6) D:8

Altars:
Ashenzari
Cheibriados
Dithmenos
Elyvilon
Fedhas
Gozag
Hepliaklqana
Kikubaaqudgha
Makhleb
Nemelex Xobeh
Okawaru
Qazlal
Ru
Sif Muna
Trog
Uskayaw
Vehumet
Wu Jian
Xom
Yredelemnul
Zin
The Shining One

Shops:
D:5 (


Innate Abilities, Weirdness & Mutations

You cannot wear armour.
You are incapable of wielding weapons or throwing items.
Your paws allow you to move quietly. (Stealth)
You have sharp claws.
You have razor-sharp teeth.
You have supernaturally acute eyesight. (SInv)
You are carnivorous and can eat meat at any time.
You cover ground quickly.
You are covered in thick fur. (AC +2)
You have a slow metabolism.
Your sharp claws are effective at attacking unaware monsters.


Message History

Aiming: Sandblast (safe; 1% risk of failure)
Press: ? - help, Shift-Dir - straight line, f/p - warg
Aim: a warg (almost dead)
The blast of sand hits the warg.
The warg is almost dead.
b - 114 stones The warg bites you.
The warg completely misses you. The warg bites you!!
Ouch! That really hurt!
* * * LOW HITPOINT WARNING * * *
The warg bites you!
Ouch! That really hurt!
You die...
You are now level 8!
You rejoin the land of the living...
Casting: Sandblast (safe; 1% risk of failure)
Confirm with . or Enter, or press ? or * to list all spells.
Aiming: Lee's Rapid Deconstruction (safe; 3% risk of failure)
Press: ? - help, Dir - move target cursor A rock wall.
That beam is likely to hit you.
Continue anyway?
The wall shatters!
The blast of rock fragments hits you!
Ouch! That really hurt!
You die...
You are now level 7!
You rejoin the land of the living... 2 orcs and a two-headed ogre come into view.
The orc priest shouts!
The orc shouts!
You hear a howl!
You see here 7 bolts.
The warg pauses to sniff the ground.
Casting: Lee's Rapid Deconstruction (safe; 3% risk of failure)
Confirm with . or Enter, or press ? or * to list all spells.
Aiming: Lee's Rapid Deconstruction (safe; 3% risk of failure)
Press: ? - help, Dir - move target cursor A rock wall.
That beam is likely to hit you.
Continue anyway?
The wall shatters!
The blast of rock fragments hits you!
You feel a bit more experienced.
The blast of rock fragments hits the warg.
The warg is heavily wounded.
You hear a howl!
Casting: Lee's Rapid Deconstruction (safe; 3% risk of failure)
Confirm with . or Enter, or press ? or * to list all spells.
Aiming: Lee's Rapid Deconstruction (safe; 3% risk of failure)
Press: ? - help, Dir - move target cursor A rock wall.
That beam is likely to hit you.
Continue anyway?
The wall shatters!
The blast of rock fragments hits you!
* * * LOW HITPOINT WARNING * * *
Welcome back to level 8!
You feel a bit more experienced.
The blast of rock fragments hits the warg.
You kill the warg!
The blast of rock fragments hits the orc priest.
You kill the orc priest!
You hear a howl!
Casting: Lee's Rapid Deconstruction (safe; 3% risk of failure)
Confirm with . or Enter, or press ? or * to list all spells.
Aiming: Lee's Rapid Deconstruction (safe; 3% risk of failure)
Press: ? - help, Dir - move target cursor A rock wall.
That beam is likely to hit you.
Continue anyway?
The wall shatters!
The blast of rock fragments hits you!
Ouch! That really hurt!
You die...

..........## ###........#
#........# ##).........#
, #.....<## ##..........#
###....####...........# *
, ##..##.......†..).#...,
* ##.##.###..)####..#. ,
, , #.##.##.....## .....
#.##.#.h.....#*...... , ,
*###...@#∆......#.......
...<....O)o.............
,
,..#.###...(.............
, .. #.o...>........... ,
. ,* #.............. ,,*
#.............. ,
#.#.P.....#.... , *
#.#.......# ... , ,
#.##.....## ,..


You could see a two-headed ogre and 2 orcs.

Vanquished Creatures
  Grinder (D:5)
  Prince Ribbit (D:6)
  A hippogriff (D:7)
  A hungry ghost (D:5)
  2 wargs (D:8)
  2 ice beasts (D:5)
  4 orc warriors
  A black bear (D:7)
  2 phantoms
  3 centaurs
  4 bullfrogs
  3 scorpions
  A crimson imp (D:7)
  A quasit (D:7)
  6 orc priests
  2 hounds
  2 jellies
  Crazy Yiuf (D:2)
  13 orc wizards
  An iguana (D:6)
  Ijyb (D:5)
  Natasha (thrice) (D:2)
  5 worker ants
  2 howler monkey skeletons
  8 gnolls
  6 adders
  2 shadow imps (D:6)
  An ooze (D:4)
  An adder skeleton (D:4)
  5 worms
  3 dart slugs
  3 leopard geckos
  45 orcs
  2 bats (D:3)
  7 giant cockroaches
  6 goblins
  7 hobgoblins
  8 jackals
  3 quokkas
  3 ball pythons (D:4)
  2 frilled lizards
  A jackal skeleton (D:4)
  A jackal zombie (D:5)
  7 kobolds
  A leopard gecko skeleton (D:4)
  11 rats
196 creatures vanquished.

Vanquished Creatures (others)
  A fungus (D:2)
1 creature vanquished.

Grand Total: 197 creatures vanquished

Notes
Turn   | Place    | Note
-------+----------+-------------------------------------------
     0 | D:1      | Amnesiac the Felid Earth Elementalist began the quest for
                  | the Orb.
     0 | D:1      | Reached XP level 1. HP: 7/7 MP: 4/4
   127 | D:2      | Noticed Natasha
   129 | D:2      | Noticed a crimson imp
   224 | D:2      | Noticed a crimson imp
   233 | D:2      | Killed Natasha
   233 | D:2      | Reached skill level 3 in Earth Magic
   233 | D:2      | Reached XP level 2. HP: 5/11 MP: 0/6
   233 | D:2      | Reached XP level 3. HP: 6/14 MP: 0/7
   237 | D:2      | Learned a level 2 spell: Passwall
   726 | D:5      | Entered Level 5 of the Dungeon
   753 | D:5      | Noticed a centaur
   819 | D:5      | Noticed a hungry ghost
   860 | D:5      | Killed a hungry ghost
   860 | D:5      | Reached skill level 4 in Earth Magic
   860 | D:5      | Reached XP level 4. HP: 18/18 MP: 3/9
   860 | D:5      | Reached XP level 5. HP: 21/21 MP: 3/10
  1024 | D:5      | Noticed Grinder
  1027 | D:5      | Noticed Ijyb
  1029 | D:5      | Paralysed by Grinder for 7 turns
  1053 | D:5      | Killed a centaur
  1053 | D:5      | Gained mutation: You are covered in thick fur. (AC +2)
                  | [Felid growth]
  1053 | D:5      | Reached XP level 6. HP: 5/24 MP: 8/12
  1244 | D:5      | Paralysed by Grinder for 5 turns
  1267 | D:5      | Killed Grinder
  1267 | D:5      | Reached skill level 5 in Dodging
  1267 | D:5      | Reached skill level 5 in Earth Magic
  1267 | D:5      | Reached XP level 7. HP: 3/27 MP: 6/13
  1575 | D:5      | Learned a level 4 spell: Petrify
  1885 | D:5      | Reached skill level 6 in Earth Magic
  1951 | D:5      | Found Xobes's Antique Weapon Shoppe.
  2672 | D:5      | Killed Ijyb
  3030 | D:6      | Reached XP level 8. HP: 31/31 MP: 9/15
  3230 | D:6      | Reached skill level 1 in Unarmed Combat
  3632 | D:6      | Reached skill level 7 in Earth Magic
  3694 | D:6      | Learned a level 5 spell: Lee's Rapid Deconstruction
  3698 | D:6      | Learned a level 3 spell: Stone Arrow
  3818 | D:6      | Noticed Prince Ribbit
  3830 | D:6      | Killed Prince Ribbit
  3830 | D:6      | Reached skill level 5 in Spellcasting
  3940 | D:6      | Found a burning altar of Makhleb.
  4944 | D:7      | Found a staircase to the Ecumenical Temple.
  4950 | Temple   | Entered the Ecumenical Temple
  5043 | Temple   | Became a worshipper of Ashenzari the Shackled
  5365 | D:3      | Reached XP level 9. HP: 34/34 MP: 17/17
  5442 | D:2      | Noticed Natasha
  5448 | D:2      | Killed Natasha
  6047 | D:2      | Found a radiant altar of Vehumet.
  6055 | D:2      | Reached * piety under Ashenzari
  6253 | D:2      | Noticed Natasha
  6255 | D:2      | Killed Natasha
  6273 | D:2      | Found a runed door.
  6323 | D:2      | Noticed Crazy Yiuf
  6330 | D:2      | Killed Crazy Yiuf
  7479 | D:4      | Reached ** piety under Ashenzari
  7586 | D:4      | Reached skill level 8 in Earth Magic
  7743 | D:4      | Learned a level 3 spell: Conjure Flame
  8286 | D:4      | Found a deep blue altar of Sif Muna.
  8301 | D:4      | Identified Sif Muna's Compendium of Venom
  8567 | D:7      | Reached skill level 1 in Evocations
  9138 | D:8      | Found a staircase to the Lair.
  9145 | D:8      | Reached skill level 9 in Earth Magic
  9158 | D:8      | HP: 1/34 [warg (18)]
  9158 | D:8      | Demolished by a warg
  9159 | D:8      | Reached XP level 8. HP: -16/31 MP: 14/18
  9159 | D:8      | Killed by blast of rock fragments
  9160 | D:8      | Reached XP level 7. HP: -2/27 MP: 13/17
  9160 | D:8      | Noticed a two-headed ogre
  9167 | D:8      | HP: 1/27 [blast of rock fragments (13)]
  9167 | D:8      | Reached XP level 8. HP: 1/31 MP: 7/18
  9168 | D:8      | Killed by blast of rock fragments

Vault maps used:
D:1:      kennysheep_arrival_forest
D:2:      vehumet_crystals, minmay_misc_feat_room, uniq_crazy_yiuf_cottage,
          uniq_natasha
D:3:      first_ration
D:4:      minmay_opposing_rooms, chequers_arboretum, grunt_decor_clamped,
          led_sif_book
D:5:      serial_shops, shop, uniq_grinder, uniq_ijyb
D:6:      makhleb_heckhound_becter, uniq_prince_ribbit1
D:7:      minmay_temple_entry_trees, serial_aquarium, aquarium_bridge_straight,
          aquarium_window_2, aquarium_window_2, aquarium_view_2b,
          aquarium_pool_2
D:8:      erik_lair_orcish_takeover, serial_shops, shop_statue,
          serial_gnoll_camp, gnoll_camp_medium_02, gnoll_camp_mini_doghouse,
          gnoll_camp_mini_basic, gnoll_camp_mini_basic, grunt_livestock,
          uniq_erica
Temple:   compressed_dpeg_circular_temple

Skill      XL: |  1  2  3  4  5  6  7  8  9 |
---------------+----------------------------+-----
Stealth        | 3 4 |  4.2
Earth Magic    | 3 4 5 6 7 9 |  9.2
Dodging        | 3 4 5 6 7 8 |  8.0
Spellcasting   | 3 4 5 6 |  6.3
Unarmed Combat | 3 4 |  4.2
Transmutations | 2 |  2.0
Evocations     | 2 |  2.9
Conjurations   | |  0.4

Action                   |  1- 3 |  4- 6 |  7- 9 || total
-------------------------+-------+-------+-------++-------
Melee: Unarmed           |    26 |     1 |   336 ||   363
       Bite              |     4 |       |    28 ||    32
       Punch             |       |       |     2 ||     2
 Cast: Sandblast         |    20 |    17 |   160 ||   197
       Petrify           |       |       |    26 ||    26
       Passwall          |       |       |    14 ||    14
       Lee's Rapid Decon |       |       |     4 ||     4
Invok: Curse Item        |       |       |     1 ||     1
  Use: Scroll            |     4 |     1 |     9 ||    14
       Potion            |       |     1 |       ||     1
 Stab: Sleeping          |       |     1 |    26 ||    27
       Petrified         |       |       |    64 ||    64
       Petrifying        |       |       |     4 ||     4
       Distracted        |       |       |     1 ||     1
  Eat: Chunk             |     7 |       |    20 ||    27
Armor: Skin              |     1 |     1 |    18 ||    20
Dodge: Dodged            |    23 |     4 |   257 ||   284

Table legend:
 A = Non-vault XP
 B = Vault XP
 C = Vault XP percentage of total XP
 D = Non-vault monster count
 E = Vault monster count
 F = Vault count percentage of total count
                 A         B        C        D         E       F
            +---------+---------+-------+---------+---------+-------
      Total |    3985 |    1421 |  26.3 |     176 |      20 |  10.2
            +---------+---------+-------+---------+---------+-------
        D:1 |      30 |       0 |   0.0 |      17 |       0 |   0.0
        D:2 |     183 |      76 |  29.3 |      19 |       2 |   9.5
        D:3 |      89 |       0 |   0.0 |      22 |       0 |   0.0
        D:4 |     292 |     204 |  41.1 |      25 |       7 |  21.9
        D:5 |     978 |     322 |  24.8 |      20 |       2 |   9.1
        D:6 |     847 |     325 |  27.7 |      36 |       2 |   5.3
        D:7 |    1431 |       0 |   0.0 |      36 |       0 |   0.0
        D:8 |     135 |     494 |  78.5 |       1 |       7 |  87.5
            +---------+---------+-------+---------+---------+-------
